 Dungeon Crawl Stone Soup version 0.26.0-18-gc5c842f807 (webtiles) character file.

Game seed: 13980595777039179244

23 thiole the Magician (level 3, 0/21 HPs)
             Began as an Octopode Hedge Wizard on Jan 23, 2021.
             Slain by a kobold
             ... wielding a +0 short sword
              (5 damage)
             ... on level 1 of the Dungeon on Jan 24, 2021.
             The game lasted 00:04:31 (993 turns).

thiole the Magician (Octopode Hedge Wizard)          Turns: 993, Time: 00:04:32

Health: 0/21       AC:  1    Str:  9    XL:     3   Next: 0%
Magic:  4/7        EV: 13    Int: 17    God:
Gold:   49         SH:  0    Dex: 11    Spells: 7/8 levels left

rFire    . . .     SeeInvis .   a - +0 dagger
rCold    . . .     Faith    .   (no shield)
rNeg     . . .     Spirit   .   b - +0 hat
rPois    .         Reflect  .   (no amulet)
rElec    .         Harm     .   (no ring)
rCorr    .         Rampage  .   (no ring)
Will     .....                  (no ring)
Stlth    +++.......             (no ring)
HPRegen  0.07/turn              (no ring)
MPRegen  0.10/turn              (no ring)
                                (no ring)
                                (no ring)

@: no status effects
A: almost no armour, stealthy swim, amphibious, 8 rings, constrict 8, camouflage
1, gelatinous body 1
a: no special abilities


You were on level 1 of the Dungeon.
You visited 1 branch of the dungeon, and saw 1 of its levels.

You collected 49 gold pieces.

Inventory:

Hand Weapons
 a - a +0 dagger (weapon)
Missiles
 d - 24 stones (quivered)
Armour
 b - a +0 hat (worn)
Scrolls
 f - a scroll of magic mapping {unknown}
Potions
 c - a potion of curing {unknown}
 e - a potion of cancellation {unknown}


   Skills:
 - Level 2.1 Dodging
 + Level 3.1 Stealth
 + Level 3.1 Spellcasting
 * Level 1.6 Conjurations
 * Level 1.5 Summonings
 - Level 1.1 Translocations


You had 7 spell levels left.
You knew the following spells:

 Your Spells              Type           Power        Failure   Level
a - Magic Dart            Conj           32%          9%          1

Your spell library contained the following spells:

 Spells                   Type           Power        Failure   Level
 Call Imp                 Summ           7%           14%         2
 Blink                    Tloc           N/A          16%         2
 Slow                     Hex            2%           26%         2
 Conjure Flame            Conj/Fire      5%           36%         3
 Mephitic Cloud           Conj/Pois/Air  4%           38%         3


Dungeon Overview and Level Annotations

Branches:
Dungeon (1/15)

Altars:


Innate Abilities, Weirdness & Mutations

You cannot wear most types of armour.
You are very stealthy in the water. (Stealth+)
You are amphibious.
You can wear up to eight rings at the same time.
You can use your tentacles to constrict eight enemies at once.
Your skin changes colour to match your surroundings (Stealth+).
Your rubbery body absorbs attacks. (AC +1, EV +1)


Message History

The hobgoblin is moderately wounded.
You constrict the hobgoblin. The hobgoblin hits you.
You hit the hobgoblin.
You kill the hobgoblin!
You have reached level 3!
Your experience leads to an increase in your attributes!
Increase (s)trength, (i)ntelligence, or (d)exterity?
You feel clever.
You closely miss the kobold. You grab the kobold.
The kobold is moderately wounded.
You constrict the kobold.
The kobold hits you with a +0 short sword.
You release your grip on the kobold.
The kobold hits you with a +0 short sword.
* * * LOW HITPOINT WARNING * * *
You closely miss the kobold. You grab the kobold.
The kobold is heavily wounded.
You constrict the kobold.
The kobold hits you with a +0 short sword.
You die...

# # # ###########
#..........
##########.#########
#..........# ##.
#.#.......## ###.#
#..@.####.######....
##K#.# #..........#
#.#.# ########..#.
#(#.# #..## #(#.#
#..# #.#.# #..#
#.#.# #..# #(#.#
#.>## #.> ######...#


You could see a kobold.

Vanquished Creatures
  A dart slug (D:1)
  4 goblins (D:1)
  6 hobgoblins (D:1)
  A bat (D:1)
  3 frilled lizards (D:1)
  3 kobolds (D:1)
  A rat (D:1)
19 creatures vanquished.

Notes
Turn   | Place    | Note
-------+----------+-------------------------------------------
     0 | D:1      | thiole the Octopode Hedge Wizard began the quest for the
                  | Orb.
     0 | D:1      | Reached XP level 1. HP: 11/11 MP: 4/4
   234 | D:1      | Reached XP level 2. HP: 6/17 MP: 1/6
   991 | D:1      | Reached XP level 3. HP: 15/21 MP: 4/7
   993 | D:1      | Slain by a kobold

Illustrated notes

Levels and vault maps discovered:
D:1:      lemuel_arrival_hallway, layout_loops_ring

Skill      XL: |  1  2 |
---------------+-------+-----
Stealth        | 3 |  3.1
Dodging        | |  2.1
Spellcasting   | |  3.1
Conjurations   | |  1.6
Summonings     | |  1.5
Translocations | |  1.1

Action                   || total
-------------------------++-------
Melee: Dagger            ||    31
       Constrict         ||    11
       Tentacles         ||     4
Throw: Stone             ||    18
 Cast: Magic Dart        ||    29
 Stab: Sleeping          ||     1
Armor: Skin              ||     1
Dodge: Dodged            ||    12
